 Dungeon Crawl Stone Soup version 0.27.1-1-g398f81649c (webtiles) character file.

Game seed: 4198698124035697621

188 speeev33 the Skirmisher (level 5, -1/47 HPs)
             Began as a Hill Orc Fighter on Sept 11, 2021.
             Splashed by Ijyb's acid (14 damage)
             ... on level 3 of the Dungeon.
             The game lasted 00:02:45 (2296 turns).

speeev33 the Skirmisher (Hill Orc Fighter)          Turns: 2296, Time: 00:02:49

Health: -1/47      AC:  4    Str: 20    XL:     5   Next: 67%
Magic:  5/5        EV:  7    Int:  8    God:
Gold:   107        SH:  9    Dex: 10    Spells: 4/4 levels left

rFire    . . .     SeeInvis .   a - +0 war axe
rCold    . . .     Faith    .   c - +0 kite shield
rNeg     . . .     Spirit   .   b - +0 scale mail
rPois    .         Reflect  .   k - +0 helmet
rElec    .         Harm     .   (no cloak)
rCorr    .         Rampage  .   (no gloves)
Will     .....                  (no boots)
Stlth    ..........             (no amulet)
HPRegen  0.15/turn              (no ring)
MPRegen  0.09/turn              (no ring)

@: corroded
A: no striking features
a: no special abilities


You were on level 3 of the Dungeon.
You visited 1 branch of the dungeon, and saw 3 of its levels.

You collected 107 gold pieces.

Inventory:

Hand Weapons
 a - a +0 war axe (weapon)
Missiles
 j - a throwing net (quivered)
Armour
 b - a +0 scale mail (worn)
 c - a +0 kite shield (worn)
 k - a +0 helmet (worn)
Wands
 e - a wand of charming (9)
Scrolls
 l - a scroll of blinking
Potions
 d - a potion of might
 f - a potion of berserk rage {unknown}
 g - a potion of mutation {unknown}
 h - a potion of brilliance {unknown}
 i - 2 potions of curing {unknown}
 m - 2 potions of ambrosia {unknown}


   Skills:
 + Level 4.9 Fighting
 + Level 4.3 Axes
 + Level 4.4 Armour
 + Level 4.4 Shields


You had 4 spell levels left.
You didn't know any spells.
Your spell library contained the following spells:

 Spells                   Type           Power      Damage    Failure   Level
 Corona                   Hex            0%         N/A       99%         1
 Ensorcelled Hibernation  Hex/Ice        0%         N/A       100%        2
 Sublimation of Blood     Necr           0%         N/A       100%        2
 Wereblood                Tmut           0%         N/A       100%        2
 Tukima's Dance           Hex            0%         N/A       100%        3
 Summon Hydra             Summ           0%         N/A       100%        7


Dungeon Overview and Level Annotations

Branches:
Dungeon (3/15)

Altars:

Annotations:
D:3 Ijyb


Message History

HP restored.
You now have 107 gold pieces (gained 3).
You see here a ball python corpse.
m - 2 yellow potions You open the door.
There is an open door here.
There is an open door here.
A quokka comes into view.
A quokka is nearby!
The quokka barely misses you.
You miss the quokka. You block the quokka's attack. x2
You slash the quokka!
You kill the quokka!
No target in view!
An endoplasm comes into view.
The endoplasm quivers.
An endoplasm is nearby!
The endoplasm hits you.
You slash the endoplasm!
You kill the endoplasm!
No target in view!
Ijyb the Twisted Goblin comes into view.
She is wielding a +0 club and carrying a wand of acid (9).
Ijyb shouts!
Ijyb zaps a wand.
The bolt of acid misses you.
You hit Ijyb.
Ijyb is moderately wounded.
Ijyb hits you but does no damage.
You closely miss Ijyb.
Ijyb is moderately wounded.
Ijyb hits you with a +0 club.
Ijyb zaps a wand.
The bolt of acid misses you.
You closely miss Ijyb.
Ijyb is moderately wounded.
You block Ijyb's attack.
You slash Ijyb!
Ijyb is severely wounded.
Ijyb zaps a wand.
The bolt of acid hits you! The acid corrodes you!
You are splashed with acid!
Ijyb zaps a wand.
The bolt of acid hits you!
* * * LOW HITPOINT WARNING * * *
You are splashed with acid!
You die...

######### .........#
########.........#
..........>......#######
................g.......
................@.#
..................#
..................#
...........######.#
...........######.#####.#
.......†................#
.........#.######.#######
.####'#+#.........# ##
#.#.#......####


You could see Ijyb.

Vanquished Creatures
  A hound (D:3)
  Jessica (D:2)
  An iguana (D:3)
  4 adders
  2 worms (D:2)
  A dart slug (D:3)
  An orc (D:3)
  6 bats
  4 endoplasms
  3 giant cockroaches
  3 hobgoblins
  3 jackals (D:2)
  3 kobolds
  3 quokkas
  8 ball pythons
  6 frilled lizards
  6 goblins
  4 rats
60 creatures vanquished.

Notes
Turn   | Place    | Note
-------+----------+-------------------------------------------
     0 | D:1      | speeev33 the Hill Orc Fighter began the quest for the Orb.
     0 | D:1      | Reached XP level 1. HP: 19/19 MP: 1/1
    61 | D:1      | Reached XP level 2. HP: 5/27 MP: 2/2
   983 | D:2      | Reached XP level 3. HP: 25/33 MP: 3/3
  1344 | D:2      | Reached XP level 4. HP: 31/40 MP: 4/4
  1683 | D:2      | Noticed Jessica
  1685 | D:2      | Killed Jessica
  1942 | D:3      | Reached XP level 5. HP: 44/47 MP: 5/5
  2289 | D:3      | Noticed Ijyb
  2296 | D:3      | Splashed by Ijyb's acid

Illustrated notes

Levels and vault maps discovered:
D:1:      moated_graveyard_arrival, layout_basic, minmay_crystal_water
D:2:      layout_basic, uniq_jessica
D:3:      layout_basic, grunt_temple_overflow_opulence, uniq_ijyb

Skill      XL: |  1  2  3  4 |
---------------+-------------+-----
Axes           | 3 4 |  4.3
Fighting       | 4 |  4.9
Armour         | 4 |  4.4
Shields        | 4 |  4.4

Action                   |  1- 3 |  4- 6 || total
-------------------------+-------+-------++-------
Melee: War axe           |   106 |    83 ||   189
  Use: Scroll            |     3 |     1 ||     4
Armor: Scale mail        |    84 |    38 ||   122
Dodge: Dodged            |    45 |    24 ||    69
Block: Kite shield       |    71 |    47 ||   118
